 Dungeon Crawl Stone Soup version 0.30-a0-989-g0d87f670db (webtiles) character file.

Game seed: 9705215159710802866

319 drasked the Covered (level 6, 52/55 HPs)
             Began as an Armataur Fighter on Apr 3, 2023.
             Was a Follower of Okawaru.
             Quit the game on level 3 of the Dungeon on June 14, 2023.
             The game lasted 00:12:10 (2646 turns).

drasked the Covered (Armataur Fighter)              Turns: 2646, Time: 00:12:11

Health: 52/55      AC:  8    Str: 24    XL:     6   Next: 21%
Magic:  6/6        EV:  7    Int:  8    God:    Okawaru [*.....]
Gold:   180        SH:  4    Dex:  9    Spells: 5/5 levels left

rFire   . . .      SeeInvis .    a - +0 long sword
rCold   . . .      Faith    +    c - +0 buckler
rNeg    . . .      Spirit   .    b - +0 scale mail
rPois   .          Reflect  .    q - +0 helmet
rElec   .          Roll     +    (no cloak)
rCorr   .                        (no gloves)
Will    .....                    (no barding) Stlth
                                 d - amulet of faith
HPRegen 0.29/turn                (no ring)
MPRegen 0.10/turn                (no ring)

@: no status effects
A: large, rugged brown scales 3, deformed body, armoured tail, roll, long
tongue, awkward tongue
a: Renounce Religion, Heroism


You were on level 3 of the Dungeon.
You worshipped Okawaru.
Okawaru was aware of your devotion.
You visited 1 branch of the dungeon, and saw 4 of its levels.

You collected 180 gold pieces.

Inventory:

Hand Weapons
 a - a +0 long sword (weapon)
Armour
 b - a +0 scale mail (worn)
 c - a +0 buckler (worn)
 q - a +0 helmet (worn)
 t - a +2 robe of willpower
Jewellery
 d - an amulet of faith (around neck)
 n - a ring of flight
 o - a ring of fire
Scrolls
 f - 3 scrolls of teleportation {unknown}
 g - 3 scrolls of identify {unknown}
 i - a scroll of magic mapping {unknown}
 m - a scroll of poison {unknown}
Potions
 e - 2 potions of berserk rage {unknown}
 h - 3 potions of heal wounds {unknown}
 j - a potion of flight {unknown}
 k - 3 potions of lignification {unknown}
 l - a potion of cancellation {unknown}
 p - a potion of magic {unknown}
 r - a potion of ambrosia {unknown}
 s - a potion of brilliance {unknown}
 u - a potion of mutation {unknown}


   Skills:
 + Level 4.1 Fighting
 * Level 4.3 Long Blades
 - Level 4.4 Armour
 - Level 4.0 Shields


You had 5 spell levels left.
You didn't know any spells.
Your spell library contained the following spells:

 Spells                   Type           Power      Damage    Failure   Level
 Blink                    Tloc           0%         N/A       88%         2
 Lesser Beckoning         Tloc           0%         N/A       88%         2
 Gell's Gravitas          Tloc           0%         N/A       98%         3
 Teleport Other           Tloc           0%         N/A       98%         3
 Manifold Assault         Tloc           0%         N/A       100%        4
 Storm Form               Tmut/Air       0%         N/A       100%        7


Dungeon Overview and Level Annotations

Branches:
Dungeon (4/15)
 Temple: D:4-7

Altars:
Okawaru


Innate Abilities, Weirdness & Mutations

You are completely covered in rugged brown scales. (AC +3, +7% HP)
Armour fits poorly on your strangely shaped body.
You have a long armoured tail.
You roll when moving toward enemies. (Rampage)
Your long tongue fully drains potion bottles. (2x potion effects)
Your tongue gives you trouble enunciating. (1.5x scroll delay)


Message History

There is a stone staircase leading down here.
There is an open door here.
You see here a staff of conjuration.
There is an open door here.
You see here a +0 club.
You see here 2 stones.
Sigmund shouts!
You start waiting.
Sigmund is nearby!
You roll towards Sigmund!
You hit Sigmund. You tail-slap Sigmund.
Sigmund is lightly wounded.
Sigmund hits you with a +0 scythe.
You closely miss Sigmund.
Sigmund is lightly wounded.
Sigmund barely misses you.
You slash Sigmund!
Sigmund is heavily wounded.
Sigmund hits you with a +0 scythe.
You hit Sigmund.
Sigmund is heavily wounded.
Sigmund hits you but does no damage.
You hit Sigmund.
Sigmund is severely wounded.
Sigmund hits you with a +0 scythe.
You hit Sigmund. You tail-slap Sigmund.
You kill Sigmund!
Okawaru is honoured by your kill.
You can now gain great but temporary skills.
Your Fighting skill increases to level 4!
Your Long Blades skill increases to level 4!
You have reached level 6!
h - 3 silvery potions (gained 1)
Things that are here:
a +0 scythe; a +0 leather armour Unknown command.
Saving game... please wait.
Welcome back, drasked the Armataur Fighter.
Okawaru says: Bring me glory in combat!
Press ? for a list of commands and other information.
Are you sure you want to abandon this character and quit the game? (Confirm with "yes".)

##.## ##.#.## #.# ##.##
#.# #.# ##'##
#########.####
##...###............#
##.....##.#####...##.# #
##.......#.# ##....##.#
####..........###....)##.#
...'........[...@...>.##.#
####..........###....###.#
# ##.......#.# #....###.#
##.....##.###.#......#
##...###........#####
##'## #####.#### #@# #.#
########.########.#
..................#


There were no monsters in sight!

Vanquished Creatures
  Sigmund (D:3)
  Jessica (D:3)
  Terence (D:2)
  Robin (D:3)
  2 adders (D:3)
  2 worms (D:2)
  A dart slug (D:4)
  3 orcs (D:3)
  4 endoplasms
  3 giant cockroaches
  14 goblins
  7 hobgoblins
  A quokka (D:2)
  8 ball pythons
  7 bats
  A frilled lizard (D:3)
  6 kobolds
  6 rats
69 creatures vanquished.

Notes
Turn   | Place    | Note
-------+----------+-------------------------------------------
     0 | D:1      | drasked the Armataur Fighter began the quest for the Orb.
     0 | D:1      | Reached XP level 1. HP: 19/19 MP: 1/1
   131 | D:1      | Reached XP level 2. HP: 25/26 MP: 2/2
   674 | D:2      | Noticed Terence
   734 | D:2      | Reached XP level 3. HP: 33/33 MP: 3/3
  1168 | D:3      | Noticed Robin
  1261 | D:3      | Noticed Sigmund
  1312 | D:2      | Killed Terence
  1313 | D:2      | Reached XP level 4. HP: 9/40 MP: 4/4
  1575 | D:4      | Noticed a phantom
  1576 | D:4      | Noticed a phantom
  1869 | D:3      | Found an iron altar of Okawaru.
  1874 | D:3      | Became a worshipper of Warmaster Okawaru
  2063 | D:3      | Killed Robin
  2279 | D:3      | Noticed Jessica
  2283 | D:3      | Killed Jessica
  2284 | D:3      | Reached XP level 5. HP: 43/48 MP: 5/5
  2643 | D:3      | Killed Sigmund
  2643 | D:3      | Reached * piety under Okawaru
  2644 | D:3      | Reached XP level 6. HP: 52/55 MP: 6/6
  2646 | D:3      | Quit the game

Illustrated notes

Levels and vault maps discovered:
D:1:      lemuel_arrival_river_ford, layout_rooms
D:2:      layout_basic, uniq_terence
D:3:      layout_loops_corners, hellmonk_okawaru_the_only_friend_you_need,
          uniq_jessica, uniq_sigmund, uniq_robin
D:4:      layout_rooms, serial_shops, shop, kennysheep_generic_room_8,
          uniq_grinder

Skill      XL: |  1  2  3  4  5 |
---------------+----------------+-----
Long Blades    | 2 3 4 |  4.3
Fighting       | 3 4 |  4.1
Armour         | 4 |  4.4
Shields        | 4 |  4.0

Action                     |  1- 3 |  4- 6 || total
---------------------------+-------+-------++-------
  Melee: Long sword        |   110 |   103 ||   213
         Tailslap          |     9 |    13 ||    22
    Use: Potion            |     1 |       ||     1
 Armour: Scale mail        |    61 |    52 ||   113
  Dodge: Dodged            |    36 |    25 ||    61
  Block: Buckler           |    22 |    24 ||    46

Table legend: (Time is in decaauts)
 A = Elapsed time spent in this place.
 B = Non-inter-level travel time spent in this place.
 C = Inter-level travel time spent in this place.
 D = Time resting spent in this place.
 E = Time spent auto-exploring this place.
 F = Levels seen in this place.
 G = Mean time per level.
                   A        B        C        D        E       F      G
               +--------+--------+--------+--------+--------+-----+--------+
         Total |   2712 |   2551 |    161 |      8 |   1697 |   4 |  678.0 |
       Dungeon |   2712 |   2551 |    161 |      8 |   1697 |   4 |  678.0 |
               +--------+--------+--------+--------+--------+-----+--------+

Top non-repeatable levels by time:
     D:3: 1216 daAuts
     D:2: 857 daAuts
     D:1: 592 daAuts
     D:4: 47 daAuts
